 Dungeon Crawl Stone Soup version 0.29.1 (webtiles) character file.

Game seed: 3042615937822611463

222 qw the Chopper (level 5, 0/32 HPs)
             Began as a Gargoyle Fighter on Sept 13, 2022.
             Slain by a scorpion (1 damage)
             ... on level 4 of the Dungeon.
             The game lasted 00:01:09 (3333 turns).

qw the Chopper (Gargoyle Fighter)                   Turns: 3333, Time: 00:01:09

Health: 0/32       AC: 14    Str: 21    XL:     5   Next: 99%
Magic:  5/5        EV:  7    Int:  9    God:
Gold:   75         SH:  4    Dex:  9    Spells: 4/4 levels left

rFire   . . .      SeeInvis .   Y - +0 war axe
rCold   . . .      Faith    .   c - +0 buckler
rNeg    + . .      Spirit   .   g - +0 chain mail
rPois   inf        Reflect  .   (no helmet)
rElec   +          Harm     .   (no cloak)
rCorr   .          Rampage  .   (no gloves)
Will    .....                   m - +0 pair of boots
Stlth   ..........              (no amulet)
HPRegen 0.10/turn               (no ring)
MPRegen 0.09/turn               (no ring)

@: about to teleport
A: sickness immunity, AC +4, negative energy resistance 1, electricity
resistance, torment resistance 1, petrification resistance
a: no special abilities


You were on level 4 of the Dungeon.
You visited 1 branch of the dungeon, and saw 4 of its levels.

You collected 75 gold pieces.


Innate Abilities, Weirdness & Mutations

You are immune to sickness and miasma.
Your stone body is resilient. (AC +4)
You are immune to poison.
You resist negative energy. (rN+)
You are resistant to electric shocks. (rElec)
You are resistant to unholy torment.
You are immune to petrification.


   Skills:
 + Level 3.2 Fighting
 - Level 5.5 Axes
 - Level 3.2 Armour
 - Level 3.2 Shields


You had 4 spell levels left.
You didn't know any spells.
Your spell library was empty.

Inventory:

Hand Weapons
 n - a +1 mace of draining
 Y - a +0 war axe (weapon)
Missiles
 h - 6 boomerangs (quivered)
Armour
 c - a +0 buckler (worn)
 g - a +0 chain mail (worn)
 m - a +0 pair of boots (worn)
Potions
 a - a potion of curing
 d - a potion of might
 e - a potion of ambrosia {unknown}
 f - a potion of cancellation {unknown}
 i - a potion of heal wounds {unknown}
 j - a potion of invisibility {unknown}
 l - a potion of berserk rage {unknown}

Dungeon Overview and Level Annotations

Branches:
Dungeon (4/15)
 Temple: D:4-7

Altars:
Dithmenos
Vehumet

Shops:
D:1 =   D:3 [

Annotations:
D:3 3 runed translucent doors, qw's ghost, amateur GrFi


Message History

The black bear is lightly wounded.
You closely miss the scorpion. The scorpion stings you.
The black bear barely misses you.
The black bear claws you but does no damage. x2
The scorpion barely misses you.
You slash the black bear!
The black bear is heavily wounded.
You hit the scorpion but do no damage.
The scorpion stings you but does no damage.
The black bear bites you. The black bear claws you.
The black bear claws you but does no damage.
The scorpion stings you but does no damage.
The black bear bites you.
The black bear claws you but does no damage. x2
You hit the black bear but do no damage.
The black bear is moderately wounded.
You hit the scorpion but do no damage. The scorpion barely misses you.
You block the black bear's attack. x2
The black bear closely misses you.
You slash the black bear!
The black bear is almost dead.
You barely miss the scorpion. You block the scorpion's attack.
The black bear bites you.
The black bear claws you but does no damage. x2
The scorpion stings you but does no damage.
3331 ||| READING scroll of teleportation.
As you read the scroll of teleportation, it crumbles to dust.
You feel strangely unstable.
The black bear bites you but does no damage.
The black bear claws you but does no damage.
The black bear completely misses you. The scorpion stings you.
You slash the black bear!
You kill the black bear!
You closely miss the scorpion. The scorpion stings you.
Your Axes skill increases to level 5!
You barely miss the scorpion.
The scorpion is lightly wounded.
The scorpion stings you.
You die...

... ..... .. .#..
.... .. ..... ....
.. ...##..# .. #
......# #
######s.#....##.###
#..................#
.......... #)s#
#........# #@.###
........####....#
#...>..#....##.#
#........#### ...
#........# <.#
#.....%#.#####. ...
#................##
#.....%#####....
######..........


You could see a scorpion.

Vanquished Creatures
  A black bear (D:4)
  3 adders
  2 gnolls (D:4)
  5 dart slugs
  2 orcs
  8 ball pythons
  6 bats
  6 endoplasms
  2 giant cockroaches (D:3)
  9 goblins
  6 hobgoblins
  10 jackals
  A quokka (D:2)
  4 frilled lizards (D:1)
  4 kobolds
  3 rats
72 creatures vanquished.

Notes
Turn   | Place    | Note
-------+----------+-------------------------------------------
     0 | D:1      | qw the Gargoyle Fighter began the quest for the Orb.
     0 | D:1      | Reached XP level 1. HP: 14/14 MP: 1/1
     0 | D:1      | 0 ||| qw: Version: 0.1-a-119-g272c26d
     0 | D:1      | 0 ||| qw: Game counter: 11232
     0 | D:1      | 0 ||| qw: Always use a shield: true
     0 | D:1      | 0 ||| qw: God list: Okawaru
     0 | D:1      | 0 ||| qw: Allow faded altars: false
     0 | D:1      | 0 ||| qw: Do Orc after D:15 true
     0 | D:1      | 0 ||| qw: Do second Lair branch before Depths: true
     0 | D:1      | 0 ||| qw: Lair rune preference: random
     0 | D:1      | 0 ||| qw: Plans: Normal, Zot, God:TSO, Crypt, Tomb, Pan,
                  | Slime, Hells, Zig, Abyss, Orb
     0 | D:1      | 0 ||| PLANNING D:1-11
   121 | D:1      | Reached skill level 2 in Axes
   457 | D:1      | Reached XP level 2. HP: 19/19 MP: 2/2
   588 | D:1      | 588 ||| Stepping ~*~*~tactically~*~*~ (stealth).
   607 | D:1      | 607 ||| Stepping ~*~*~tactically~*~*~ (stealth).
   612 | D:1      | 612 ||| Stepping ~*~*~tactically~*~*~ (stealth).
   617 | D:1      | 617 ||| Stepping ~*~*~tactically~*~*~ (stealth).
   618 | D:1      | 618 ||| Stepping ~*~*~tactically~*~*~ (stealth).
   620 | D:1      | 620 ||| Stepping ~*~*~tactically~*~*~ (stealth).
   622 | D:1      | 622 ||| Stepping ~*~*~tactically~*~*~ (stealth).
   624 | D:1      | 624 ||| Stepping ~*~*~tactically~*~*~ (stealth).
   625 | D:1      | 625 ||| Stepping ~*~*~tactically~*~*~ (stealth).
   628 | D:1      | 628 ||| Stepping ~*~*~tactically~*~*~ (stealth).
   664 | D:1      | 664 ||| Stepping ~*~*~tactically~*~*~ (stealth).
   665 | D:1      | 665 ||| Stepping ~*~*~tactically~*~*~ (stealth).
   731 | D:1      | Reached skill level 3 in Axes
   732 | D:1      | Reached XP level 3. HP: 23/23 MP: 3/3
   778 | D:1      | 778 ||| Stepping ~*~*~tactically~*~*~ (stealth).
   785 | D:1      | Found a faded altar of an unknown god.
   835 | D:1      | 835 ||| DROPPING +0 club.
   851 | D:1      | 851 ||| Stepping ~*~*~tactically~*~*~ (stealth).
   852 | D:1      | 852 ||| Stepping ~*~*~tactically~*~*~ (stealth).
   968 | D:1      | Found Zucuff's Jewellery Boutique.
   980 | D:1      | 980 ||| SHOPLISTING +4 ring of protection (396 gold, have
                  | 15).
   980 | D:1      | 980 ||| SHOPLISTING +6 ring of dexterity (396 gold, have
                  | 15).
   980 | D:1      | 980 ||| SHOPLISTING amulet of guardian spirit (330 gold,
                  | have 15).
   980 | D:1      | 980 ||| SHOPLISTING amulet of the acrobat (330 gold, have
                  | 15).
   980 | D:1      | 980 ||| SHOPLISTING ring "Decrez" {rN+ AC+4 Dex-2 Slay+3}
                  | (611 gold, have 15).
   980 | D:1      | 980 ||| SHOPLISTING ring of protection from fire (275 gold,
                  | have 15).
   980 | D:1      | 980 ||| SHOPLISTING ring of resist corrosion (220 gold,
                  | have 15).
  1336 | D:1      | 1336 ||| READING scroll labelled WIMOXY WEGYZER.
  1339 | D:1      | 1339 ||| READING scroll labelled UBIOD DOATAMI.
  1340 | D:1      | 1340 ||| READING scroll labelled EMNUDU GUOTZ.
  1341 | D:1      | 1341 ||| READING scroll labelled ZOITE FIENUA.
  1399 | D:2      | 1399 ||| Stepping ~*~*~tactically~*~*~ (stealth).
  1443 | D:2      | 1443 ||| Stepping ~*~*~tactically~*~*~ (hiding).
  1593 | D:2      | 1593 ||| Stepping ~*~*~tactically~*~*~ (stealth).
  1594 | D:2      | 1594 ||| Stepping ~*~*~tactically~*~*~ (stealth).
  1619 | D:2      | You fall into a shaft and drop 2 floors!
  1643 | D:4      | Reached XP level 4. HP: 28/28 MP: 4/4
  1719 | D:2      | Reached skill level 4 in Axes
  2214 | D:2      | 2214 ||| UPGRADING to +0 pair of boots.
  2219 | D:2      | 2219 ||| READING scroll labelled OVOGEH GOKYTE.
  2320 | D:2      | 2320 ||| READING scroll labelled VUFFOU NAULIBIR.
  2321 | D:2      | 2321 ||| READING scroll labelled XAT VYKKULL.
  2372 | D:3      | Found Yplykeeh's Armour Boutique.
  2382 | D:3      | 2382 ||| SHOPLISTING +0 chain mail (63 gold, have 62).
  2405 | D:3      | Found a shadowy altar of Dithmenos.
  2405 | D:3      | Found a radiant altar of Vehumet.
  2482 | D:3      | 2482 ||| Stepping ~*~*~tactically~*~*~ (stealth).
  2532 | D:3      | Noticed qw's ghost (amateur GrFi)
  2574 | D:3      | Found a runed translucent gate.
  2574 | D:3      | Found a runed translucent gate.
  2584 | D:3      | Found a runed translucent gate.
  2817 | D:3      | 2817 ||| UPGRADING to +0 chain mail.
  2827 | D:3      | 2827 ||| DROPPING +0 scale mail.
  2828 | D:3      | 2828 ||| READING scroll labelled OLISEC TIVESE.
  2829 | D:3      | 2829 ||| READING scroll labelled ATZUOSI FOKK.
  2830 | D:3      | 2830 ||| READING scroll labelled REOFA CIUNLY.
  2831 | D:3      | 2831 ||| DRINKING 2 murky golden potions.
  2849 | D:4      | 2849 ||| STAIRDANCE
  2913 | D:4      | 2913 ||| STAIRDANCE
  3021 | D:4      | 3021 ||| FLEEEEING.
  3022 | D:4      | 3022 ||| FLEEEEING.
  3023 | D:4      | 3023 ||| FLEEEEING.
  3065 | D:4      | 3065 ||| Stepping ~*~*~tactically~*~*~ (hiding).
  3066 | D:4      | 3066 ||| Stepping ~*~*~tactically~*~*~ (hiding).
  3076 | D:4      | Reached XP level 5. HP: 10/32 MP: 5/5
  3088 | D:4      | 3088 ||| FLEEEEING.
  3115 | D:4      | Noticed a black bear
  3116 | D:4      | 3116 ||| FLEEEEING.
  3117 | D:4      | 3117 ||| FLEEEEING.
  3118 | D:4      | 3118 ||| FLEEEEING.
  3315 | D:4      | 3315 ||| Stepping ~*~*~tactically~*~*~ (stealth).
  3317 | D:4      | 3317 ||| Stepping ~*~*~tactically~*~*~ (stealth).
  3330 | D:4      | HP: 8/32 [black bear (2)]
  3331 | D:4      | 3331 ||| READING scroll of teleportation.
  3332 | D:4      | Killed a black bear
  3332 | D:4      | HP: 1/32 [scorpion (4)]
  3333 | D:4      | Reached skill level 5 in Axes
  3333 | D:4      | Slain by a scorpion

Levels and vault maps discovered:
D:1:      dpeg_cavernosity, layout_basic, ebering_ecumenical_altar_rust,
          serial_shops, shop, minmay_pentomino_r4
D:2:      layout_loops_ring
D:3:      layout_rooms, gammafunk_temple_overflow_wave, serial_shops,
          nicolae_shop_trees, gammafunk_ghost_icy
D:4:      layout_rooms, serial_shops, shop_fountains

Skill      XL: |  1  2  3  4  5 |
---------------+----------------+-----
Axes           | 2 3 4 5 |  5.5
Fighting       | |  3.2
Armour         | |  3.2
Shields        | |  3.2

Action                   |  1- 3 |  4- 6 || total
-------------------------+-------+-------++-------
Melee: War axe           |   100 |    71 ||   171
Throw: Boomerang         |    41 |    33 ||    74
  Use: Scroll            |     4 |     7 ||    11
       Potion            |       |     1 ||     1
Armor: Scale mail        |    49 |    17 ||    66
       Chain mail        |       |    49 ||    49
Dodge: Dodged            |    44 |    38 ||    82
Block: Buckler           |    19 |    22 ||    41

Table legend:
 A = Non-vault XP
 B = Vault XP
 C = Vault XP percentage of total XP
 D = Non-vault monster count
 E = Vault monster count
 F = Vault count percentage of total count
                 A         B        C        D         E       F
            +---------+---------+-------+---------+---------+-------
      Total |     306 |      12 |   3.8 |      64 |       8 |  11.1
            +---------+---------+-------+---------+---------+-------
        D:1 |      56 |      12 |  17.6 |      30 |       8 |  21.1
        D:2 |      25 |       0 |   0.0 |      15 |       0 |   0.0
        D:3 |      35 |       0 |   0.0 |      10 |       0 |   0.0
        D:4 |     190 |       0 |   0.0 |       9 |       0 |   0.0
            +---------+---------+-------+---------+---------+-------
